 Dungeon Crawl Stone Soup version 0.30.1-9-gdf580d7c3d (webtiles) character file.

Game seed: 11427701412434314200

30 Charmandara the Sneak (level 3, -1/26 HPs)
             Began as an Octopode Delver on Sept 24, 2023.
             Slain by a kobold
             ... wielding a +0 short sword
              (2 damage)
             ... on level 3 of the Dungeon.
             The game lasted 00:01:26 (91 turns).

Charmandara the Sneak (Octopode Delver)               Turns: 91, Time: 00:01:27

Health: -1/26      AC:  1    Str: 11    XL:     3   Next: 18%
Magic:  3/3        EV: 13    Int: 12    God:
Gold:   0          SH:  0    Dex: 15    Spells: 2/2 levels left

rFire   . . .        a - +0 short sword
rCold   . . .        (no shield)
rNeg    . . .        (helmet restricted)
rPois   .            (no amulet)
rElec   .            (no ring)
rCorr   .            (no ring)
SInv    .            (no ring)
Will    .....        (no ring)
Stlth   +++++        (no ring)
HPRegen 0.24/turn    (no ring)
MPRegen 0.08/turn    (no ring)
                     (no ring)

%: no passive effects
@: no status effects
A: almost no armour, amphibious, 8 rings, camouflage 1, gelatinous body 1,
(nimble swimmer 1), tentacles
a: no special abilities


You were on level 3 of the Dungeon.
You visited 1 branch of the dungeon, and saw 3 of its levels.

Inventory:

Hand Weapons
 a - a +0 short sword (weapon)
Wands
 f - a wand of digging (3)
Scrolls
 b - a scroll of fog
 c - a scroll of magic mapping
 d - a scroll of fear
 g - a scroll of teleportation {unknown}
Potions
 e - a potion of haste


   Skills:
 - Level 3.0 Fighting
 + Level 2.8 Short Blades
 - Level 2.0 Dodging
 + Level 7.3 Stealth


You had 2 spell levels left.
You didn't know any spells.
Your spell library contained the following spells:

 Spells                   Type           Power      Damage    Failure   Level
 Freeze                   Ice            0%         1d3       32%         1
 Frozen Ramparts          Ice            0%         1d1       69%         3
 Hailstorm                Conj/Ice       0%         3d3       69%         3


Dungeon Overview and Level Annotations

Branches:
Dungeon (5/15)
 Temple: D:4-7

Altars:

Annotations:
D:4 3 runed translucent doors


Innate Abilities, Weirdness & Mutations

You cannot wear most types of armour.
You are amphibious.
You can wear up to eight rings at the same time.
Your skin changes colour to match your surroundings (Stealth+).
Your rubbery body absorbs attacks. (AC +1, EV +1)
((You are camouflaged when in or above water. (Stealth+)))
You have tentacles for arms and can constrict up to eight enemies at once.


Message History

Found a stone staircase leading down.
A jelly comes into view.
The kobold attacks as you move away!
The kobold hits you with a +0 short sword.
Found Ozocubu's Autobiography.
There is a stone staircase leading up here.
The gnoll hits you from afar with a +0 halberd!
The kobold barely misses you.
You climb upwards.
You hear the sound of rushing water.
There is an entrance to a sewer on this level.
Hurry and find it before the portal rusts away!
There is a stone staircase leading down here.
The helpless gnoll fails to defend itself.
You puncture the gnoll!
You kill the gnoll!
Your Stealth skill increases to level 7!
Unknown command.
The helpless gnoll fails to defend itself.
You impale the gnoll!!
You kill the gnoll!
You have reached level 3!
Your experience leads to an increase in your attributes!
Increase (S)trength, (I)ntelligence, or (D)exterity?
You feel agile. x2
The kobold attacks as you move away!
The kobold hits you with a +0 short sword.
* * * LOW HITPOINT WARNING * * *
You see here a +0 club.
Found a ring mail.
The kobold attacks as you move away!
The kobold hits you with a +0 short sword.
* * * LOW HITPOINT WARNING * * *
The kobold attacks as you move away! The kobold misses you.
Okay, then.
You hit the kobold but do no damage. You grab the kobold.
You squeeze the kobold.
The kobold is severely wounded.
You constrict the kobold, but do no damage.
The kobold hits you with a +0 short sword.
You die... ### gg#

#.# #)#
#># ##
#)# #.
#.#
#.#.##.#
#...@K.#
###.####
...
...#.
..[..#.
.... #.
+## #.
#.


You could see a kobold.

Vanquished Creatures
  2 gnolls (D:3)
  An adder (D:4)
  A ball python (D:4)
4 creatures vanquished.

Notes
Turn   | Place    | Note
-------+----------+-------------------------------------------
     0 | D:5      | Charmandara the Octopode Delver began the quest for the
                  | Orb.
     0 | D:5      | Reached XP level 1. HP: 16/16 MP: 1/1
    34 | D:4      | Reached XP level 2. HP: 18/21 MP: 2/2
    60 | D:4      | Found a runed translucent gate.
    61 | D:4      | Found a runed translucent gate.
    61 | D:4      | Found a runed translucent gate.
    85 | D:3      | Reached skill level 7 in Stealth
    86 | D:3      | Reached XP level 3. HP: 9/26 MP: 3/3
    89 | D:3      | HP: 1/26 [kobold/+0 short sword (4)]
    91 | D:3      | Slain by a kobold

Illustrated notes

Levels and vault maps discovered:
D:3:      layout_basic, portal_sewer_entry_b
D:4:      layout_rooms, amcnicky_altar_gilded, serial_shops,
          nicolae_shop_window_shopping, ebering_ghost_rock_garden
D:5:      layout_loops_cross

Skill      XL: |  1  2 |
---------------+-------+-----
Stealth        | 7 |  7.3
Fighting       | |  3.0
Short Blades   | |  2.8
Dodging        | |  2.0

Action                     || total
---------------------------++-------
  Melee: Short sword       ||     8
         Constrict         ||     3
         Tentacles         ||     2
   Stab: Sleeping          ||     2
 Armour: Skin              ||     2
  Dodge: Dodged            ||     6
